 Dungeon Crawl Stone Soup version 0.28-a0-1190-g77e1c55843 (webtiles) character file.

Game seed: 1346641981324186648

36 ders the Magician (level 3, 0/25 HPs)
             Began as a Djinni Fire Elementalist on Dec 18, 2021.
             Hit by a goblin thrown by Robin (3 damage)
             ... on level 3 of the Dungeon.
             The game lasted 00:02:49 (2113 turns).

ders the Magician (Djinni Fire Elementalist)        Turns: 2113, Time: 00:02:50

Health: 0/25       AC:  2    Str:  9    XL:     3   Next: 57%
Gold:   74         EV: 12    Int: 16    God:
                   SH:  0    Dex: 13

rFire   + + .      SeeInvis .   (no weapon)
rCold   x . .      Faith    .   (no shield)
rNeg    . . .      Spirit   .   a - +0 robe
rPois   ∞          Reflect  .   (no helmet)
rElec   .          Harm     .   (no cloak)
rCorr   .          Rampage  .   (no gloves)
Will    .....                   (boots unavailable)
Stlth   ++........              (no amulet)
HPRegen 0.08/turn               (no ring)
MPRegen 0.00/turn               (no ring)

@: flying
A: sickness immunity, fire resistance 2, cold vulnerability 1, float, innate
caster, hp casting, extra vitality 1
a: no special abilities


You were on level 3 of the Dungeon.
You visited 1 branch of the dungeon, and saw 4 of its levels.

You collected 74 gold pieces.

Inventory:

Armour
 a - a +0 robe (worn)
Scrolls
 b - a scroll of enchant weapon {unknown}
 e - a scroll of teleportation {unknown}
 f - a scroll of identify {unknown}
Potions
 c - a potion of resistance {unknown}
 d - a potion of invisibility


   Skills:
 + Level 2.9 Dodging
 - Level 1.5 Stealth
 * Level 3.1 Spellcasting


You couldn't memorise any spells.
You knew the following spells:

 Your Spells              Type           Power      Damage    Failure   Level
a - Foxfire               Conj/Fire      48%        2x1d6     4%          1
b - Scorch                Fire           24%        2d6       8%          2
c - Conjure Flame         Conj/Fire      12%        6-21      16%         3
d - Inner Flame           Hex/Fire       12%        N/A       16%         3
e - Flame Wave            Conj/Fire      12%        2d5       45%         4
f - Summon Small Mammal   Summ           48%        N/A       4%          1
Your spell library was empty.

Dungeon Overview and Level Annotations

Branches:
Dungeon (4/15)
 Temple: D:4-7

Altars:

Annotations:
D:3 Robin
D:4 Blork the orc


Innate Abilities, Weirdness & Mutations

You are immune to sickness and miasma.
You are immune to poison.
Your flesh is very heat resistant. (rF++)
You are vulnerable to cold. (rC-)
You float through the air rather than walking.
You learn spells naturally, not from books.
Your magical power is your life essence.
You have superior vitality. (+4 HP)


Message History

You kill the goblin!
The foxfire hits the goblin.
You kill the goblin!
A goblin comes into view. It is wielding a +0 club.
Unknown command.
Casting: Foxfire (safe; 5% risk of failure)
Confirm with . or Enter, or press ? or * to list all spells.
You conjure some foxfire!
The foxfire hits the rat.
The rat is moderately wounded.
The foxfire hits the rat.
The rat is severely wounded.
The rat barely misses you.
Unknown command.
Casting: Foxfire (safe; 5% risk of failure)
Confirm with . or Enter, or press ? or * to list all spells.
You conjure some foxfire!
The rat closely misses you.
The foxfire hits the goblin.
You kill the goblin!
The foxfire hits the rat.
You kill the rat!
The rat twitches its whiskers.
Unknown command.
Casting: Foxfire (safe; 5% risk of failure)
Confirm with . or Enter, or press ? or * to list all spells.
You conjure some foxfire!
Robin roars a battlecry!
The goblins go into a battle-frenzy!
The goblin hits you with a +0 dagger.
* * * LOW HITPOINT WARNING * * *
The foxfire hits the goblin.
You kill the goblin!
You hear an angry hiss.
The foxfire hits the goblin.
You kill the goblin!
Robin throws the goblin at you!
Unknown command.
The goblin closely misses you. Robin throws the goblin at you!
You die...

#.##........
#.#...#..#....
#.............
##...#....#...
#...........
#.)#......# .#
##......... ##.#
#.....g.## #..P
#...r.@.# #.P.
#....g..# #...
#.g.....#
####..#####.))...##
#......#.g.##...##
#†g...########
.....g#..#
......##.# ....(g
...#


You could see Robin, a hobgoblin (strong), 2 goblins and a rat.

Vanquished Creatures
  An adder (D:2)
  A worm (D:2)
  3 bats
  7 goblins (D:3)
  2 hobgoblins
  A quokka (D:1)
  4 ball pythons
  2 kobolds (D:3)
  4 rats
25 creatures vanquished.

Vanquished Creatures (others)
  57 foxfires
57 creatures vanquished.

Grand Total: 82 creatures vanquished

Notes
Turn   | Place    | Note
-------+----------+-------------------------------------------
     0 | D:1      | ders the Djinni Fire Elementalist began the quest for the
                  | Orb.
     0 | D:1      | Reached XP level 1. HP: 15/15 MP: 0/0
    50 | D:1      | Found a faded altar of an unknown god.
   903 | D:1      | Reached XP level 2. HP: 19/21 MP: 0/0
  1263 | D:2      | Reached XP level 3. HP: 16/25 MP: 0/0
  1263 | D:2      | Learned a level 1 spell: Summon Small Mammal
  1268 | D:2      | Reached skill level 3 in Spellcasting
  1563 | D:2      | You are sucked into a shaft and drop 2 floors!
  1580 | D:4      | Noticed Blork the orc
  1588 | D:4      | HP: 1/25 [Blork the orc (12)]
  2088 | D:3      | Noticed Robin
  2113 | D:3      | Hit by a goblin thrown by Robin

Illustrated notes

Levels and vault maps discovered:
D:1:      dpeg_arrival_water_temple_mockup, layout_basic,
          basic_ecumenical_altar, minmay_misc_feat_iff
D:2:      layout_loops_corners, grunt_ministairs_10
D:3:      layout_rooms, chequers_temple_overflow_statue_of_worship, hex_medium,
          minmay_misc_feat_more_columns, uniq_robin, uniq_crazy_yiuf_cottage,
          uniq_ijyb
D:4:      kennysheep_spiral_hall, layout_basic, grunt_gozag_breadcrumbs,
          serial_shops, nicolae_shop_hallway_plus, kennysheep_generic_room_2,
          uniq_blork_the_orc

Skill      XL: |  1  2  3 |
---------------+----------+-----
Spellcasting   | 3 |  3.1
Dodging        | |  2.9
Stealth        | |  1.5

Action                   || total
-------------------------++-------
Melee: Unarmed           ||     7
 Cast: Foxfire           ||    36
       Scorch            ||     8
       Conjure Flame     ||     1
  Use: Potion            ||     1
Armor: Robe              ||     6
Dodge: Dodged            ||    27

Table legend: (Time is in decaauts)
 A = Elapsed time spent in this place.
 B = Non-inter-level travel time spent in this place.
 C = Inter-level travel time spent in this place.
 D = Time resting spent in this place.
 E = Time spent auto-exploring this place.
 F = Levels seen in this place.
 G = Mean time per level.
                   A        B        C        D        E       F      G
               +--------+--------+--------+--------+--------+-----+--------+
         Total |   2113 |   2070 |     43 |    815 |   1092 |   4 |  528.2 |
       Dungeon |   2113 |   2070 |     43 |    815 |   1092 |   4 |  528.2 |
               +--------+--------+--------+--------+--------+-----+--------+

Top non-repeatable levels by time:
     D:1: 1008 daAuts
     D:2: 554 daAuts
     D:4: 373 daAuts
     D:3: 177 daAuts
